 Dungeon Crawl Stone Soup version 0.31.0-32-g396128a36d (webtiles) character file.

Game seed: 17561164366141150125

10558 MollyMolluskus the Grappler (level 11, 0/80 HPs)
             Began as an Octopode Fighter on Apr 2, 2024.
             Was an Elder of Wu Jian.
             Slain by a troll (18 damage)
             ... on level 9 of the Dungeon.
             The game lasted 00:43:47 (7687 turns).

MollyMolluskus the Grappler (Octopode Fighter)      Turns: 7687, Time: 00:43:47

Health: 0/80       AC: -4    Str: 20    XL:     11   Next: 64%
Magic:  11/11      EV: 17    Int: 10    God:    Wu Jian [****..]
Gold:   352        SH:  0    Dex: 12    Spells: 10/10 levels left

rFire   . .          .
                       - Unarmed
rCold   . . .        b - melded +2 buckler
rNeg    . . .        l - melded +1 hat
rPois   .            (no amulet)
rElec   .            h - melded +6 ring of strength
rCorr   .            (ring currently unavailable)
SInv    .            (ring currently unavailable)
Will    .....        (ring currently unavailable)
Stlth   ++           (ring currently unavailable)
HPRegen 0.33/turn    (ring currently unavailable)
MPRegen 0.12/turn    (ring currently unavailable)
                     (ring currently unavailable)

%: no passive effects
@: pig-form, corroded, very quick
A: fast, no casting, almost no armour, (amphibious), (8 rings), small,
(camouflage 1), (gelatinous body 1), (nimble swimmer 1), (tentacles)
a: Renounce Religion, Wall Jump, Serpent's Lash


You were on level 9 of the Dungeon.
You worshipped Wu Jian.
Wu Jian was greatly pleased with you.
You were a filthy swine.
You visited 2 branches of the dungeon, and saw 10 of its levels.

You collected 627 gold pieces.
You spent 275 gold pieces at shops.

Inventory:

Missiles
 a - a curare-tipped dart (quivered)
 c - 24 poisoned darts
 k - 4 javelins
 n - 6 boomerangs
Armour
 b - a +2 buckler (melded)
 l - a +1 hat (melded)
Jewellery
 h - a +6 ring of strength (melded)
Talismans
 z - a blade talisman
Wands
 f - a wand of polymorph (4)
 o - a wand of flame (17)
 q - a wand of roots (25)
 t - a wand of mindburst (7)
 w - a wand of digging (3)
 y - a wand of paralysis (3)
Scrolls
 d - 4 scrolls of immolation
 j - 2 scrolls of teleportation
 r - a scroll of identify
 s - 3 scrolls of fog
 A - a scroll of revelation
Potions
 e - 2 potions of cancellation
 g - 3 potions of enlightenment
 i - 3 potions of curing
 m - a potion of resistance
 p - a potion of berserk rage
 x - 2 potions of might


   Skills:
 + Level 9.6 Fighting
 - Level 8.0 Dodging
 - Level 4.0 Stealth
 - Level 4.0 Shields
 * Level 12.8 Unarmed Combat
 - Level 4.0 Evocations


You had 10 spell levels left.
You didn't know any spells.
Your spell library contained the following spells:

 Spells                   Type           Power      Damage    Failure   Level
 Magic Dart               Conj           0%         1d3       36%         1
 Summon Small Mammal      Summ           0%         N/A       36%         1
 Lesser Beckoning         Tloc           0%         N/A       50%         2
 Searing Ray              Conj           0%         2d4       50%         2
 Call Canine Familiar     Summ           0%         N/A       75%         3
 Gell's Gravitas          Tloc           0%         N/A       75%         3
 Teleport Other           Tloc           0%         N/A       75%         3
 Tukima's Dance           Hex            0%         N/A       75%         3
 Fulminant Prism          Conj/Alch      0%         3d5       98%         4
 Passage of Golubria      Tloc           0%         N/A       98%         4
 Summon Blazeheart Golem  Fire/Summ      0%         N/A       98%         4
 Yara's Violent Unravell  Hex/Alch       0%         3d3       100%        5


Dungeon Overview and Level Annotations

Branches:
Dungeon (9/15)             Temple (1/1) D:4
   Lair: D:8-11         Orc: D:9-12

Altars:
Ashenzari
Dithmenos
Elyvilon
Fedhas
Gozag
Hepliaklqana
Kikubaaqudgha
Makhleb
Nemelex Xobeh
Okawaru
Qazlal
Ru
Sif Muna
Trog
Uskayaw
Vehumet
Wu Jian
Xom
Yredelemnul
Zin
The Shining One

Shops:
D:3 (   D:7 *


Innate Abilities, Weirdness & Mutations

You are a filthy swine.
You move quickly.
Your equipment is almost entirely melded.
You are incapable of wielding weapons or throwing items.
You cannot cast spells.
You cannot wear most types of armour.
((You are amphibious.))
((You can wear up to eight rings at the same time.))
((Your skin changes colour to match your surroundings (Stealth+).))
((Your rubbery body absorbs attacks. (AC +1, EV +1)))
((You are camouflaged when in or above water. (Stealth+)))
((You have tentacles for arms and can constrict up to eight enemies at once.))


Message History

The green ugly thing stings you!
Unknown command.
You bludgeon the green ugly thing! You grab the green ugly thing.
Your squeeze misses the green ugly thing.
The green ugly thing is heavily wounded.
You constrict the green ugly thing. The green ugly thing barely misses you.
Unknown command.
You batter the green ugly thing!!
The green ugly thing is severely wounded.
You constrict the green ugly thing. The green ugly thing stings you!
Unknown command.
You bludgeon the green ugly thing!
The green ugly thing is almost dead.
You constrict the green ugly thing.
Unknown command.
You tentacle-slap the green ugly thing but do no damage.
You squeeze the green ugly thing!
You kill the green ugly thing!
The Council accepts your kill. The acid dragon spits acid at you.
The splash of acid hits you!! The acid corrodes you!
Unknown command.
You lunge at the acid dragon, in a flurry of attacks.
You tentacle-slap the acid dragon.
The acid dragon is almost dead.
You bludgeon the acid dragon!
You kill the acid dragon!
The Council accepts your kill.
The acid dragon scales are intact enough to wear.
Aiming: Polymorph
Press: ? - help, Shift-Dir - straight line, f - you You turn into a filthy swine.
Your +1 hat melds into your body.
Your +2 buckler melds into your body.
Your +6 ring of strength melds into your body.
You feel weaker. The troll completely misses you. The troll barely misses you.
The troll claws you!
* * * LOW HITPOINT WARNING * * *
The troll attacks as it pursues you! The troll bites you!!
You die...

# #.# ## ..# # .##.##.#
####.# # #..#..#
###....#
###.##..###.##....T.#
.....⌠......#).......
###..##.###.##.....D# #
#..#..# #..###....#
##.##.##.# #...####.#
### #.# ## ##...hT[.#
#####.#########.#######
)......................
###########....####....
# ##.#### .. # ####..##
####....#.##
###....###...##
##...####...#..##


You could see a troll.

Vanquished Creatures
  A hydra (D:9)
  A two-headed ogre (D:9)
  A tengu warrior (D:9)
  An ugly thing (D:9)
  A cyclops (D:9)
  Maurice (D:8)
  A gargoyle (D:9)
  An efreet (D:9)
  A kobold demonologist (D:7)
  A troll (D:9)
  2 slime creatures
  A vampire (D:9)
  10 yaks
  2 wyverns
  A steam dragon (D:8)
  An acid dragon (D:9)
  3 water moccasins
  Duvessa (D:6)
  2 ice beasts
  4 orc warriors
  2 sky beasts
  An ogre (D:6)
  2 centaurs (D:9)
  4 phantoms
  3 kobold brigands
  2 bullfrogs
  A gnoll sergeant (D:6)
  8 scorpions
  Dowan (D:6)
  7 killer bees
  A howler monkey (D:5)
  A crimson imp (D:4)
  A bombardier beetle (D:4)
  2 hounds
  5 jellies
  6 orc priests
  2 gnoll boudas
  An iguana (D:5)
  2 sleepcaps
  10 orc wizards
  19 gnolls
  7 adders
  A white imp (D:7)
  2 ufetubi (D:5)
  2 dart slugs
  18 orcs
  3 endoplasms
  5 giant cockroaches
  6 goblins
  9 hobgoblins
  8 quokkas
  3 ball pythons
  11 bats
  4 frilled lizards
  A goblin zombie (D:4)
  3 hobgoblin zombies (D:4)
  22 kobolds
  A kobold zombie (D:4)
  An orc skeleton (D:4)
  An orc zombie (D:4)
  7 rats
233 creatures vanquished.

Notes
Turn   | Place    | Note
-------+----------+-------------------------------------------
     0 | D:1      | MollyMolluskus the Octopode Fighter began the quest for the
                  | Orb.
     0 | D:1      | Reached XP level 1. HP: 16/16 MP: 1/1
    83 | D:1      | Found a faded altar of an unknown god.
   180 | D:1      | Reached XP level 2. HP: 21/21 MP: 2/2
   396 | D:1      | Reached skill level 1 in Stealth
   732 | D:2      | Reached XP level 3. HP: 26/26 MP: 3/3
  1270 | D:3      | Reached skill level 3 in Unarmed Combat
  1316 | D:3      | Reached XP level 4. HP: 31/31 MP: 4/4
  1346 | D:3      | Found a shimmering altar of Xom.
  1437 | D:3      | Found Geonit's Weapon Shop.
  1677 | D:4      | Reached XP level 5. HP: 23/36 MP: 5/5
  1866 | D:4      | Found a glowing golden altar of the Shining One.
  1968 | D:4      | Found a staircase to the Ecumenical Temple.
  1975 | Temple   | Entered the Ecumenical Temple
  1992 | Temple   | Became a worshipper of the Wu Jian Council
  2032 | D:4      | Reached skill level 4 in Unarmed Combat
  2032 | D:4      | Reached XP level 6. HP: 31/43 MP: 6/6
  2347 | D:4      | Found a sparkling altar of Nemelex Xobeh.
  2570 | D:5      | Entered Level 5 of the Dungeon
  2587 | D:5      | Reached XP level 7. HP: 48/48 MP: 7/7
  2588 | D:5      | Found a hide-covered altar of Uskayaw.
  2668 | D:5      | Reached * piety under Wu Jian
  2669 | D:5      | Reached skill level 5 in Unarmed Combat
  2930 | D:5      | Found a hazy altar of Hepliaklqana.
  3196 | D:5      | Found a blossoming altar of Fedhas.
  3368 | D:6      | Noticed Dowan
  3368 | D:6      | Noticed Duvessa
  3376 | D:6      | Killed Duvessa
  3377 | D:6      | Reached skill level 5 in Dodging
  3377 | D:6      | Reached XP level 8. HP: 46/54 MP: 8/8
  3378 | D:6      | Killed Dowan
  3379 | D:6      | Reached skill level 5 in Fighting
  3379 | D:6      | Reached skill level 6 in Unarmed Combat
  3657 | D:6      | Reached skill level 7 in Unarmed Combat
  3694 | D:6      | Reached ** piety under Wu Jian
  4009 | D:6      | Reached XP level 9. HP: 54/62 MP: 9/9
  4264 | D:7      | Reached skill level 8 in Unarmed Combat
  4405 | D:7      | Found Dicit's Assorted Antiques.
  4408 | D:7      | Bought a sharpened bronze wand for 100 gold pieces
  4408 | D:7      | Bought a scroll of identify for 50 gold pieces
  4408 | D:7      | Bought a scroll of identify for 50 gold pieces
  4408 | D:7      | Bought 3 scrolls labelled QAOCOU VOQINI for 75 gold pieces
  5170 | D:7      | Reached skill level 9 in Unarmed Combat
  5270 | D:7      | Noticed a kobold demonologist
  5274 | D:7      | Noticed an ice devil
  5274 | D:7      | Killed a kobold demonologist
  5489 | D:8      | Reached *** piety under Wu Jian
  5490 | D:8      | Reached XP level 10. HP: 63/71 MP: 10/10
  5825 | D:8      | Found the +11 Singing Sword {sonic wave}
  5871 | D:8      | Reached skill level 10 in Unarmed Combat
  5921 | D:8      | Noticed Maurice
  5934 | D:8      | Killed Maurice
  6360 | D:9      | Reached skill level 1 in Evocations
  6370 | D:9      | Found a glowing silver altar of Zin.
  6533 | D:9      | Noticed an eight-headed hydra
  6694 | D:9      | Noticed a two-headed ogre
  6900 | D:9      | Noticed a cyclops
  6905 | D:9      | Reached skill level 11 in Unarmed Combat
  6922 | D:9      | Identified the orb "Wueref" {light, Hexes}
  6946 | D:9      | Reached **** piety under Wu Jian
  6947 | D:9      | Reached XP level 11. HP: 49/78 MP: 11/11
  7024 | D:9      | Killed a two-headed ogre
  7112 | D:9      | Killed a cyclops
  7189 | D:9      | Noticed a tengu warrior
  7194 | D:9      | Killed a tengu warrior
  7195 | D:9      | Reached skill level 12 in Unarmed Combat
  7334 | D:9      | Killed an eight-headed hydra
  7335 | D:9      | Noticed a two-headed ogre
  7671 | D:9      | Noticed a green ugly thing
  7683 | D:9      | Killed a green ugly thing
  7687 | D:9      | Slain by a troll

Illustrated notes

Levels and vault maps discovered:
D:1:      lemuel_arrival_tunnels, layout_basic,
          hellmonk_ecumenical_altar_blasted
D:2:      layout_basic
D:3:      layout_rooms, xom_teletrap_fun, serial_shops, nicolae_shop_tiny_glass,
          minmay_misc_feat_plants
D:4:      wad_pebble_path, layout_basic, nicolae_tso_besieged_by_evil,
          nemelex_diamond_rough_becter, minmay_temple_entry_arrows,
          st_stairs_12, minivault_24, chequers_serial_rivers_room_b,
          kennysheep_small_square
D:5:      layout_gridville, kennysheep_mini,
          mainiacjoe_overflow_small_starburst, kennysheep_little_box
D:6:      layout_basic, hex_medium, serial_library_hellmonk_hallway_b,
          supply_closet_lemuel, serial_bayou_lagoon_b, uniq_duvessa
D:7:      layout_basic, serial_shops, nicolae_shop_tiny_real_fake_doors,
          minmay_three_doors
D:8:      old_forge, layout_basic, uniq_maurice
D:9:      minmay_the_grid_4x2 [minmay_the_grid_tiny_cups, minmay_the_grid_box_x,
          minmay_the_grid_gridbox, minmay_the_grid_garden,
          minmay_the_grid_large_cup, minmay_the_grid_minigrid_medium,
          minmay_the_grid_plusring, minmay_the_grid_prize_trominoes],
          layout_cave_pods, zin_treasury, kennysheep_generic_room_4
Temple:   jpeg_temple_clearing

Skill      XL: |  1  2  3  4  5  6  7  8  9 10 11 |
---------------+----------------------------------+-----
Stealth        | 1 2 3 4 |  4.0
Unarmed Combat | 3 4 5 7 9 11 12 | 12.8
Dodging        | 4 5 6 7 8 |  8.0
Shields        | 4 |  4.0
Fighting       | 4 5 7 8 9 |  9.6
Evocations     | 3 4 |  4.0

Action                     |  1- 3 |  4- 6 |  7- 9 | 10-12 || total
---------------------------+-------+-------+-------+-------++-------
  Melee: Unarmed           |    84 |    93 |   233 |   191 ||   601
         Constrict         |    20 |    33 |    47 |    36 ||   136
         Tentacles         |    11 |    21 |    46 |    47 ||   125
         Punch             |     2 |     3 |    11 |    12 ||    28
  Throw: Stone             |       |     8 |       |       ||     8
         Boomerang         |       |     4 |     4 |       ||     8
         Dart              |       |       |     4 |    18 ||    22
 Invoke: Serpent's Lash    |       |       |       |     1 ||     1
Ability: Lunge             |       |     6 |    39 |    22 ||    67
         Whirlwind         |       |       |    17 |    18 ||    35
         Wall Jump         |       |       |     1 |     5 ||     6
  Evoke: Wand              |       |       |     4 |    25 ||    29
    Use: Scroll            |    10 |     2 |     8 |     7 ||    27
         Potion            |       |       |     2 |     3 ||     5
   Stab: Sleeping          |    13 |    11 |     9 |     4 ||    37
         Distracted        |       |       |     1 |     1 ||     2
         Confused          |       |       |       |     1 ||     1
         Held in net/web   |       |       |       |     1 ||     1
         Paralysed         |       |       |       |     5 ||     5
 Armour: Skin              |    18 |    23 |    67 |    57 ||   165
  Dodge: Dodged            |    41 |    30 |    89 |    79 ||   239
  Block: Buckler           |     9 |    16 |    39 |    38 ||   102
